Map: Efflorescence LE

Players

Orion

  • Race: Protoss Protoss
  • Spawn Location: 3:00

Predalien

  • Race: Zerg Zerg
  • Spawn Location: 12:00

qqq

  • Race: Protoss Protoss
  • League: Platinum
  • Spawn Location: 9:00

Massa

  • Race: Terran Terran
  • League: Gold
  • Spawn Location: 6:00

VOD

Have the link to the VOD?

Description

Time

  • Played on: Aug. 26, 2020, 11:08 a.m.
  • Length: 2:46
Show
View Real Time Build Order
Export as new Build Order

Orion Protoss 

Build Orders: Cannon Rush 

Get SALT Encoding   

  12  0:00  Probe  
  13  0:15  Pylon  
  13  0:22  Probe (Chrono Boost)  
  14  0:32  Probe (Chrono Boost)  
  15  0:37  Forge  
  15  0:38  Probe  
  16  0:50  Probe  
  16  0:55  Pylon  
  17  1:03  Probe  
  18  1:14  Photon Cannon  
  18  1:15  Pylon  
  18  1:24  Photon Cannon  
  18  1:31  Probe  
  19  1:39  Photon Cannon  
  19  1:48  Photon Cannon  
  19  2:01  Photon Cannon  
  19  2:07  Pylon  
  18  2:20  Photon Cannon  
  18  2:24  Photon Cannon  
  18  2:33  Photon Cannon  
  18  2:43  Assimilator  
Show
View Real Time Build Order
Export as new Build Order

Predalien Zerg 

Build Orders: Hatch First 

Get SALT Encoding   

  12  0:01  Drone  
  13  0:14  Overlord  
  13  0:20  Drone  
  14  0:32  Drone  
  14  0:33  Drone  
  16  0:39  Drone  
  17  0:57  Drone  
  17  0:59  Hatchery  
  17  1:12  Spawning Pool  
  17  1:16  Drone  
  17  1:19  Drone, Extractor  
  17  1:31  Drone x2  
  19  1:42  Overlord  
  19  1:59  Queen  
  19  2:00  Zergling x2  
  22  2:07  Drone  
  25  2:23  Drone  
  25  2:24  Drone x3  
  29  2:33  Extractor  
  28  2:38  Roach Warren  
Show
View Real Time Build Order
Export as new Build Order

qqq Protoss 

Build Orders: Cannon Rush 

Get SALT Encoding   

  12  0:02  Probe  
  14  0:14  Probe  
  14  0:26  Probe, Pylon  
  15  0:44  Probe  
  15  0:49  Forge  
  16  0:56  Probe  
  17  1:08  Probe  
  18  1:20  Probe  
  18  1:22  Photon Cannon  
  18  1:24  Photon Cannon  
  19  1:28  Photon Cannon  
  19  1:39  Pylon  
  19  1:51  Photon Cannon  
  19  2:12  Photon Cannon  
  19  2:28  Photon Cannon  
  19  2:34  Photon Cannon  
  19  2:36  Photon Cannon  
Show
View Real Time Build Order
Export as new Build Order

Massa Terran 

Build Orders: Reaper Expand 

Get SALT Encoding   

  12  0:02  SCV  
  13  0:14  SCV  
  13  0:19  Supply Depot  
  14  0:26  SCV  
  15  0:37  Refinery  
  15  0:40  SCV  
  16  0:48  Barracks  
  16  0:52  SCV  
  17  1:04  SCV  
  18  1:16  SCV  
  19  1:35  Reaper  
  20  1:47  Command Center  
  20  1:51  Bunker  
  20  2:03  SCV  
  20  2:07  Marine  
  22  2:15  SCV  
  22  2:25  Marine  
  22  2:33  SCV  
  22  2:37  Factory  
  22  2:42  Barracks  
  22  2:45  Supply Depot  
Tags
 
Add a new tag
Caveats
  • Supply blocks, unpowered buildings, or Contaminate may cause inaccurate times.
  • Supply counts are checked every 10 seconds.